 Dungeon Crawl Stone Soup version 0.29-a0-322-g68df515428 (webtiles) character file.

Game seed: 16075859389076807795

453248 sokol815 the Gelid (level 24, -5/163 HPs)
             Began as a Gargoyle Gladiator on Apr 8, 2022.
             Was a High Priest of Okawaru.
             Slain by a phantasmal warrior (9 damage)
             ... while paralysed by a vampire knight
             ... on level 4 of the Depths on Apr 9, 2022.
             The game lasted 03:46:16 (49574 turns).

sokol815 the Gelid (Gargoyle Gladiator)            Turns: 49574, Time: 03:46:17

Health: -5/163     AC: 40    Str: 10 (12) XL:     24   Next: 33%
Magic:  51/51      EV:  2    Int: 26      God:    Okawaru [*****.]
Gold:   3276       SH:  0    Dex: 15 (16) Spells: 36/51 levels left

rFire   + . .      SeeInvis +   a - +3 lajatang (spect)
rCold   + . .      Faith    .   (shield currently unavailable)
rNeg    + + +      Spirit   .   M - +3 faerie dragon scales {rElec Will+ Regen+ rCorr}
rPois   ∞          Reflect  .   P - +3 hat of Pondering {ponderous, Will+ MP+10 Int+5}
rElec   +          Harm     .   r - scarf {rC+ rF+}
rCorr   +          Rampage  .   E - +2 pair of gloves
Will    +....                   f - +0 pair of boots of the Worm {rN++ Str-4 Dex+5}
Stlth   ++++......              j - amulet of regeneration
HPRegen 1.97/turn               Q - +4 ring of slaying
MPRegen 0.32/turn               V - ring of see invisible {sInv, !d}

@: paralysed, weak-willed, flying, slow
A: sickness immunity, AC +18, big wings, negative energy resistance 1,
electricity resistance, torment resistance 1, petrification resistance,
deterioration 1, sense surroundings 1, weak 1, subdued magic 1
}: 2/15 runes: decaying, serpentine
a: Renounce Religion, Heroism, Finesse, Duel


You were on level 4 of the Depths.
You worshipped Okawaru.
Okawaru was extremely pleased with you.
You visited 9 branches of the dungeon, and saw 42 of its levels.
You also visited: Trove, Sewer, Bailey, Ice Cave and Wizlab.

You collected 6659 gold pieces.
You spent 3383 gold pieces at shops.

Inventory:

Hand Weapons
 a - a +3 spectral lajatang (weapon)
   (You took it off a spriggan defender on level 3 of the Depths)
 b - the +8 arc blade {discharge, rElec}
   (You found it on level 3 of the Depths)

   It occasionally unleashes powerful arcs of lightning upon striking a foe.
   These may arc to other adjacent creatures (including the wielder, but dealing
   reduced damage to them) before grounding out.
   rElec:     It insulates you from electricity.
 c - the +9 hand crossbow "Ohale" {speed, rElec}
   (You found it on level 15 of the Dungeon)

   Attacks with this weapon are significantly faster.
   rElec:     It insulates you from electricity.
 g - a +6 spectral quarterstaff
   (You acquired it on level 3 of the Dungeon)
Missiles
 l - 14 javelins
 p - 40 boomerangs
 u - 9 throwing nets {!d}
 G - 12 silver javelins
Armour
 f - the +0 pair of boots of the Worm (worn) {rN++ Str-4 Dex+5}
   (You acquired it on level 7 of the Dungeon)

   Str:       It affects your strength (-4).
   Dex:       It affects your dexterity (+5).
   rN:        It greatly protects you from negative energy.
 r - a scarf of resistance (worn)
   (You found it on level 1 of the Dungeon)
 t - the +2 buckler of the Swamp {rN+ Int+7}
   (Okawaru gifted it to you on level 3 of the Swamp)

   Int:       It affects your intelligence (+7).
   rN:        It protects you from negative energy.
 x - a +2 helmet
   (You found it on level 1 of the Swamp)
 E - a +2 pair of gloves (worn)
   (You found it on level 4 of the Dungeon)
 H - +6 gold dragon scales
   (You took it off Parghit on level 2 of the Depths)
 L - a +4 troll leather armour
   (You found it on level 8 of the Dungeon)
 M - the +3 faerie dragon scales (worn) {rElec Will+ Regen+ rCorr}
   (You took it off the Enchantress on level 3 of the Depths)

   rElec:     It insulates you from electricity.
   Regen:     It increases your rate of health regeneration.
   rCorr:     It protects you from acid and corrosion.
   Will:      It increases your willpower.
 P - the +3 hat of Pondering (worn) {ponderous, Will+ MP+10 Int+5}
   (You took it off Gastronok on level 12 of the Dungeon)

   Int:       It affects your intelligence (+5).
   MP:        It affects your magic capacity (+10).
   Will:      It increases your willpower.
Jewellery
 j - an amulet of regeneration (around neck)
   (You found it on level 10 of the Dungeon)
 m - the ring of Bemmeros {rF+ rN+ rCorr Dex-2}
   (You took it off a tengu reaver on level 3 of the Depths)

   [ring of protection from fire]

   Dex:       It affects your dexterity (-2).
   rF:        It protects you from fire.
   rN:        It protects you from negative energy.
   rCorr:     It protects you from acid and corrosion.
 z - an amulet of reflection
   (You found it on level 2 of the Lair of Beasts)
 A - a ring of protection from cold {rC+, !d}
   (You found it on level 11 of the Dungeon)
 F - a ring of protection from fire {rF+, !d}
   (You found it on level 2 of the Lair of Beasts)
 Q - a +4 ring of slaying (left hand)
   (You found it on level 4 of the Swamp)
 V - a ring of see invisible (right hand) {sInv, !d}
   (You bought it in a shop on level 7 of the Dungeon)
 W - an amulet of magic regeneration
   (You found it on level 5 of the Dungeon)
 Z - a ring of wizardry {Wiz+, !d}
   (You found it on level 14 of the Dungeon)
Wands
 d - a wand of digging (30)
   (You found it on level 2 of the Lair of Beasts)
 h - a wand of acid (6)
   (You found it on level 8 of the Dungeon)
 i - a wand of iceblast (39)
   (You found it on level 4 of the Lair of Beasts)
 q - a wand of flame (40)
   (You found it on level 7 of the Dungeon)
 y - a wand of mindburst (17)
   (You found it on level 4 of the Swamp)
Scrolls
 e - a scroll of torment {!r}
 o - 3 scrolls of fog
 C - 3 scrolls of brand weapon
 D - 6 scrolls of blinking {!r}
 I - 6 scrolls of amnesia
 K - a scroll of immolation {!r}
 O - 7 scrolls of silence
 X - 10 scrolls of magic mapping {@r4!r}
 Y - 18 scrolls of teleportation {@r3}
Potions
 k - 5 potions of cancellation
 n - 7 potions of attraction {!q}
 B - 5 potions of brilliance
 J - 27 potions of curing {@q1}
 N - 8 potions of heal wounds {@q2}
 R - 4 potions of resistance
 S - 3 potions of magic
 T - 3 potions of berserk rage {!q}
 U - 8 potions of mutation {!q}
Miscellaneous
 s - a tin of tremorstones (2/2)
   (You found it on level 4 of the Vaults)
 v - a lightning rod (4/4)
   (You found it on level 14 of the Dungeon)
 w - a phial of floods
   (You found it on level 3 of the Depths)


   Skills:
 - Level 20.0 Fighting
 - Level 14.0 Staves
 - Level 10.0 Crossbows
 - Level 1.7 Throwing
 + Level 15.6 Armour
 - Level 8.0 Dodging
 - Level 10.0 Stealth
 - Level 14.1 Spellcasting
 - Level 10.0 Conjurations
 - Level 1.4 Necromancy
 + Level 20.7 Ice Magic
 - Level 16.0 Invocations
 - Level 10.0 Evocations


You had 36 spell levels left.
You knew the following spells:

 Your Spells              Type           Power      Damage    Failure   Level
a - Pain                  Necr           76%        1d7       1%          1
b - Polar Vortex          Ice            38%        N/A       58%         9
c - Freezing Cloud        Conj/Ice/Air   26%        6-21      1%          5

Your spell library contained the following spells:

 Spells                   Type           Power      Damage    Failure   Level
 Freeze                   Ice            100%       1d11      0%          1
 Frozen Ramparts          Ice            100%       1d12      0%          3
 Foxfire                  Conj/Fire      100%       2x1d9     1%          1
 Magic Dart               Conj           100%       1d8       1%          1
 Ensorcelled Hibernation  Hex/Ice        100%       N/A       1%          2
 Searing Ray              Conj           100%       2d8       1%          2
 Static Discharge         Conj/Air       34%        N/A       1%          2
 Conjure Flame            Conj/Fire      34%        6-21      1%          3
 Dazzling Flash           Conj/Hex       68%        N/A       1%          3
 Stone Arrow              Conj/Erth      68%        3d11      1%          3
 Hailstorm                Conj/Ice       66%        3d14      1%          4
 Ice Form                 Ice/Tmut       53%        N/A       1%          4
 Iskenderun's Battlesphe  Conj           52%        2d10      1%          5
 Metabolic Englaciation   Hex/Ice        26%        N/A       1%          5
 Mephitic Cloud           Conj/Pois/Air  27%        N/A       2%          3
 Apportation              Tloc           28%        N/A       3%          1
 Sandblast                Erth           28%        2d8       3%          1
 Sting                    Tmut/Pois      56%        1d5       3%          1
 Corpse Rot               Necr/Air       34%        N/A       3%          2
 Blink                    Tloc           28%        N/A       4%          2
 Passwall                 Tmut/Erth      11%        N/A       4%          2
 Poisonous Vapours        Pois/Air       28%        N/A       4%          2
 Scorch                   Fire           28%        2d6       4%          2
 Flame Wave               Conj/Fire      34%        2d8       4%          4
 Fulminant Prism          Conj/Hex       17%        3d11      4%          4
 Sticky Flame             Conj/Fire      34%        2d5       4%          4
 Vampiric Draining        Necr           19%        2d7       5%          3
 Gell's Gravitas          Tloc           14%        N/A       10%         3
 Ignite Poison            Fire/Tmut/Pois 14%        N/A       10%         3
 Inner Flame              Hex/Fire       14%        N/A       10%         3
 Lesser Beckoning         Tloc           14%        N/A       10%         3
 Spider Form              Tmut/Pois      14%        N/A       10%         3
 Teleport Other           Tloc           14%        N/A       10%         3
 Fireball                 Conj/Fire      17%        3d9       12%         5
 Irradiate                Conj/Tmut      17%        3d19      12%         5
 Lightning Bolt           Conj/Air       17%        1d31      12%         5
 Dispel Undead            Necr           19%        3d11      19%         4
 Anguish                  Hex/Necr       8%         N/A       26%         4
 Airstrike                Air            7%         N/A       34%         4
 Olgreb's Toxic Radiance  Pois           14%        N/A       34%         4
 Petrify                  Tmut/Erth      14%        N/A       34%         4
 Orb of Destruction       Conj           26%        9d9       45%         7
 Agony                    Necr           19%        N/A       50%         5
 Excruciating Wounds      Necr           9%         N/A       50%         5
 Borgnjor's Vile Clutch   Necr/Erth      8%         N/A       58%         5
 Conjure Ball Lightning   Conj/Air       17%        3x3d6     58%         6
 Iron Shot                Conj/Erth      17%        9d4       58%         6
 Starburst                Conj/Fire      17%        6d6       58%         6
 Alistair's Intoxication  Tmut/Pois      9%         N/A       71%         5
 Blade Hands              Tmut           7%         N/A       71%         5
 Lee's Rapid Deconstruct  Erth           7%         3d7*      71%         5
 Manifold Assault         Tloc           14%        N/A       71%         5
 Silence                  Hex/Air        7%         N/A       71%         5
 Yara's Violent Unravell  Hex/Tmut       7%         3d5       71%         5
 Dragon Form              Tmut           7%         N/A       100%        7
 Enfeeble                 Hex            7%         N/A       100%        7
 Storm Form               Tmut/Air       7%         N/A       100%        7
 Ignition                 Fire           7%         3d4       100%        8
 Maxwell's Capacitive Co  Air            7%         ∞         100%        8
 Chain Lightning          Conj/Air       17%        3d22      100%        9
 Fire Storm               Conj/Fire      17%        8d4       100%        9
 Animate Skeleton         Necr           Unusable   N/A       N/A         1
 Summon Small Mammal      Summ           Unusable   N/A       N/A         1
 Simulacrum               Ice/Necr       Unusable   N/A       N/A         6
 Summon Guardian Golem    Hex/Summ       Unusable   N/A       N/A         3
 Tukima's Dance           Hex            Unusable   N/A       N/A         3
 Summon Lightning Spire   Summ/Air       Unusable   N/A       N/A         4
 Death Channel            Necr           Unusable   N/A       N/A         6
 Statue Form              Tmut/Erth      Unusable   N/A       N/A         6
 Summon Cactus Giant      Summ           Unusable   N/A       N/A         6
 Spellforged Servitor     Conj/Summ      Unusable   N/A       N/A         7

Dungeon Overview and Level Annotations

Branches:
Dungeon (15/15)            Temple (1/1) D:4            Lair (6/6) D:10
  Swamp (4/4) Lair:3        Snake (4/4) Lair:2        Slime (0/5) Lair:6
    Orc (2/2) D:9             Elf (2/3) Orc:2        Vaults (4/5) D:14
  Crypt (0/3) Vaults:3     Depths (4/4) D:15          Sewer (visited)
 Bailey (visited)           IceCv (visited)          WizLab (visited)
    Zot: Depths:4

Altars:
Ashenzari
Cheibriados
Dithmenos
Elyvilon
Fedhas
Gozag
Hepliaklqana
Kikubaaqudgha
Makhleb
Nemelex Xobeh
Okawaru
Qazlal
Ru
Sif Muna
Trog
Uskayaw
Vehumet
Wu Jian
Xom
Yredelemnul
Zin
The Shining One
Beogh
Lugonu

Shops:
D:7 *?=?   D:12 *   D:14 [   Orc:2 ****   Elf:2 *   Vaults:1 ?*(:
Vaults:2 (:(   Vaults:3 ?   Depths:2 [   Depths:3 *

Portals:
Hell: Depths:1 Depths:2 Depths:3
Abyss: Lair:4 Depths:3
Pandemonium: Depths:2 Depths:3
Ziggurat: Depths:2

Annotations:
D:14 1 runed translucent door
Swamp:4 2 transporters, Sunketi's ghost, adept DECj
Snake:2 1 runed translucent door, Laraso's ghost, adept MiBe
Orc:2 3 runed translucent doors, Adrian566's ghost, journeyman TrFi
Elf:2 2 transporters, 3 runed translucent doors, Sozuprin's ghost, adept OpAE
Depths:4 Boris


Innate Abilities, Weirdness & Mutations

You are immune to sickness and miasma.
Your stone body is resilient. (AC +18)
You are immune to poison.
Your large and strong wings let you fly.
You resist negative energy. (rN+)
You are resistant to electric shocks. (rElec)
You are resistant to unholy torment.
You are immune to petrification.
Your body sometimes deteriorates upon taking damage.
You passively map a small area around you.
You are weak. (Str -2)
Your spells are a little easier to cast, but a little less powerful.


Message History

Okawaru accepts your kill.
The large abomination is engulfed in freezing vapours.
You destroy the large abomination!
Okawaru accepts your kill.
Health restored: 163 No reachable target in view!
The large abomination is engulfed in freezing vapours.
The large abomination is engulfed in freezing vapours.
You destroy the large abomination!
Okawaru accepts your kill.
A large abomination is nearby!
You regained 4 mp, and now have 47/51 mp.
No target in view!
No target in view!
Your hands tingle!
c - the +9 hand crossbow "Ohale" (weapon)
{speed, rElec} You shoot a bolt.
The bolt hits the large abomination but does no damage.
You shoot a bolt. The bolt hits the large abomination!
You shoot a bolt.
The bolt completely misses the large abomination.
You shoot a bolt. The bolt hits the large abomination.
You shoot a bolt. The bolt hits the large abomination.
You feel a bond with your +3 spectral lajatang.
a - a +3 spectral lajatang (weapon)
The large abomination hits you!
You take 9 damage, and have 154/163 hp.
You slice the large abomination!!
Your +3 spectral lajatang hits the large abomination!
You destroy the large abomination!
Okawaru accepts your kill.
You regained 2 hp, and now have 156/163 hp.
No target in view!
Found a stone staircase leading down.
Health restored: 163; MP restored: 51 Done exploring.
(D) Dungeon (T) Temple (L) Lair (S) Swamp (P) Snake Pit (M) Slime Pits (O) Orcish Mines (E) Elven Halls (V) Vaults (C) Crypt (U) Depths (H) Hell
Where to? (Enter - Depths:3, ? - help)
There is a stone staircase leading down here.
You fly downwards.
The vampire knight shouts!
The deep troll shouts!
Boris shouts!
You hear a shout!
The spriggan berserker shouts!
There is a stone staircase leading up here.
There are monsters nearby!
Here: a vampire knight, wielding a +0 long sword and wearing a +0 plate armour The floor.
Unknown command.
The deep troll shouts!
You hit the phantasmal warrior.
Your +3 spectral lajatang hits the phantasmal warrior!!
You hear a shout!
You catch the helpless phantasmal warrior completely off-guard!
You hit the phantasmal warrior but do no damage.
Your +3 spectral lajatang barely misses the phantasmal warrior.
The deep troll seems to grow stronger.
Boris mumbles some strange words.
Boris flickers and vanishes for a moment.
The phantasmal warrior hits you!
Your willpower is stripped away!
The phantasmal warrior hits your +3 spectral lajatang!!
Your spectral weapon shares its damage with you!
The vampire knight gestures at you while chanting.
You suddenly lose the ability to move!
A deep troll shaman comes into view.
Boris mumbles some strange words.
You feel troubled.
The phantasmal warrior hits you but does no damage.
A deep troll comes into view.
The spriggan berserker invokes Trog's protection!
The phantasmal warrior hits you but does no damage.
The phantasmal warrior completely misses you.
The vampire knight casts a spell at you.
The vampire knight blinks!
The phantasmal warrior hits you. The phantasmal warrior hits you!
The deep troll shaman shouts!
You hear a shout!
The spriggan berserker hits you with a +0 flail.
The phantasmal warrior hits you but does no damage. x2
The vampire knight casts a spell at something.
The vampire knight blinks!
A deep troll earth mage comes into view.
The deep troll shouts!
Boris points at you and mumbles some strange words.
The iron shot hits you!!!
The spriggan berserker hits you with a +0 flail!
The phantasmal warrior hits you!! The phantasmal warrior hits you.
A deep troll shaman comes into view.
The spriggan berserker completely misses you.
The phantasmal warrior hits you but does no damage.
The phantasmal warrior hits you!
The deep troll bites you but does no damage.
The deep troll claws you but does no damage. x2
Boris casts a spell at you. The iron shot hits you!!
* * * LOW HITPOINT WARNING * * *
The spriggan berserker hits you but does no damage.
The phantasmal warrior hits you!!
* * * LOW HITPOINT WARNING * * *
The phantasmal warrior hits you!
You die...

, , ,, #.....
... #.. ,
#..... ..##...
#.....# .......
.......#..TT..T
...............
......≈..T.....
......VWW......
*
#.....≈@T...T..
###..≈≈§i.....=
##...L....... ,
#.....#..... ,
#.....#.....
*.......,....
#....... ... ,,
#........ ... ,
, , ,,


You could see Boris (invisible), a vampire knight, 3 deep trolls, a spriggan
berserker (regenerating, strong-willed), 2 phantasmal warriors, a deep troll
earth mage and 2 deep troll shamans.

Vanquished Creatures
  Mennas (Vaults:3)
  A juggernaut (Depths:3)
  Boris (thrice) (Vaults:2 Vaults:4 Depths:2)
  Frederick (Vaults:4)
  Parghit (Depths:2)
  the Lernaean hydra (Swamp:4)
  A caustic shrike (Depths:2)
  the Enchantress (Depths:3)
  2 tentacled monstrosities
  Jorgrun (Snake:3)
  A walking frostbound tome (Depths:3)
  The ghost of SirDiesAlot the Deadly Accurate, an adept OgGl of the Shining One (Swamp:3)
  6 sphinxes
  Gastronok (D:12)
  5 thorn hunters
  Donald (Vaults:2)
  Kirke (D:12)
  3 tengu reavers
  4 nagarajas
  The ghost of Loulutte the Severer, a journeyman DDWr of Makhleb (D:15)
  A fenstrider witch (Swamp:3)
  6 fire giants
  6 frost giants
  The ghost of jisko22 the Scorcher, a journeyman HOFE of Vehumet (Swamp:3)
  3 orc warlords
  15 vault wardens
  2 iron dragons
  A deep elf elementalist (Elf:2)
  8 stone giants
  16 very ugly things
  3 spriggan defenders (Depths:3)
  10 ironbound preservers
  6 ironbound thunderhulks
  3 war gargoyles
  A vampire knight (Depths:1)
  3 eleionomae
  Nessos (Orc:2)
  The ghost of Antichthon the Imperceptible, a journeyman SpEn of Dithmenos (Swamp:3)
  A deep elf demonologist (Elf:1)
  6 bunyips
  An entropy weaver (Vaults:4)
  4 spark wasps
  A white draconian (IceCv)
  The ghost of Gibbon the Geomancer, a journeyman GrEE of Vehumet (Lair:1)
  A deep elf death mage (Vaults:3)
  7 dire elephants
  2 ettins (Depths:2)
  A blizzard demon (Depths:2)
  A crystal guardian (Vaults:3)
  15 yaktaur captains
  2 green deaths (Swamp:4)
  4 fire dragons
  8 great orbs of eyes
  8 vault guards
  20 hydras
  13 naga warriors
  3 peacekeepers
  7 boulder beetles
  3 rakshasas
  9 ice dragons
  2 salamander tyrants (Snake:4)
  3 death knights
  Erolcha (D:12)
  2 hell beasts
  11 two-headed ogres
  3 ogre magi
  4 ghost crabs
  8 ironbound frosthearts
  18 centaur warriors
  Erica (D:8)
  22 anacondas
  4 catoblepae
  The ghost of Juicyj the Protected, a novice MiFi of Makhleb (D:9)
  2 spriggan air magi
  9 dancing weapons
  3 deep troll shamans
  8 alligators
  3 deep troll earth magi (Depths:2)
  9 death yaks
  6 orc high priests
  7 tengu warriors
  A shock serpent (Snake:3)
  12 naga sharpshooters
  6 deep elf knights
  4 spriggan berserkers
  A hell knight (Depths:2)
  A sixfirhy (Depths:3)
  2 iron trolls
  A shadow wraith (Vaults:3)
  5 salamander mystics
  Lodul (D:12)
  2 goliath frogs
  A glowing orange brain (shapeshifter) (D:14)
  5 spriggan druids
  2 sea snakes (Snake:3)
  5 swamp dragons
  8 naga ritualists
  2 orange crystal statues
  13 wizards
  8 bog bodies
  33 deep trolls
  Pikel (D:7)
  2 death drakes
  16 ironbound convokers
  10 lindwurms
  9 deep elf archers
  3 glowing orange brains
  11 orc knights
  6 mana vipers
  3 phantasmal warriors (D:14)
  22 deep elf zephyrmancers
  3 necromancers
  4 harpies (Vaults:3)
  5 orc sorcerers
  17 deep elf pyromancers
  50 ugly things
  A frost giant zombie (Vaults:2)
  11 salamanders
  6 cyclopes
  8 manticores
  A moth of wrath (D:9)
  44 black mambas
  6 will-o-the-wisps
  3 centaur zombies (D:15)
  6 guardian serpents
  A rust devil (Depths:3)
  2 stone giant skeletons (Vaults:2)
  8 elephants
  A fire giant skeleton (Vaults:2)
  20 vault sentinels
  A torpor snail (Lair:4)
  A water nymph (shapeshifter) (Depths:3)
  2 ice statues (D:15)
  A smoke demon (Depths:3)
  13 naga magi
  Maggie (D:7)
  16 cane toads
  3 unseen horrors
  4 orange demons (Swamp:4)
  A gargoyle (D:12)
  16 rime drakes
  A centaur skeleton (D:15)
  11 komodo dragons
  48 yaktaurs
  2 hellwings (Depths:3)
  2 freezing wraiths
  4 tengu conjurers
  12 tyrant leeches
  2 polar bears (shapeshifter)
  3 meliai (D:15)
  8 trolls
  12 polar bears
  20 hornets
  2 trolls (shapeshifter)
  26 blink frogs
  39 slime creatures
  4 dream sheep (Lair:6)
  An ettin zombie (Vaults:2)
  A centaur simulacrum (D:14)
  Sigmund (D:7)
  2 culicivoras (shapeshifter)
  21 spriggans
  A jumping spider (Vaults:4)
  An air elemental (Elf:2)
  5 wyverns
  63 yaks
  4 shadows
  2 hogs (D:12)
  11 water elementals
  5 wraiths
  A wyvern (shapeshifter) (Elf:1)
  6 basilisks
  2 fire elementals
  26 humans
  7 vampire mosquitoes
  2 neqoxecs (Depths:3)
  2 redbacks (Vaults:4)
  2 wargs (Orc:1)
  15 swamp worms
  3 acid dragons
  Edmund (D:7)
  44 nagas
  17 water moccasins
  2 floating eyes (Orc:1)
  3 swamp drakes
  An ice beast (D:7)
  3 sky beasts
  4 black bears
  47 orc warriors
  4 wolves
  10 ogres
  An ogre (shapeshifter) (D:13)
  3 centaurs
  10 large abominations
  A phantom (D:4)
  12 kobold brigands
  3 lemures (D:7)
  22 bullfrogs
  2 gnoll sergeants (D:9)
  3 earth elementals
  A scorpion (D:5)
  6 killer bees (D:8)
  2 electric eels
  A crimson imp (D:5)
  4 howler monkeys
  2 hounds (D:4)
  25 orc priests
  2 jellies (Lair:6)
  2 iguanas (D:6)
  16 orc wizards
  3 small abominations (Depths:3)
  9 gnolls
  9 adders
  A shadow imp (D:8)
  An ufetubus (D:4)
  4 worms
  A dart slug (D:1)
  97 orcs
  11 endoplasms
  4 giant cockroaches
  14 goblins
  2 hobgoblins
  7 jackals
  31 kobolds
  3 quokkas
  14 ball pythons
  10 bats
  6 frilled lizards
  8 rats
  4 briar patches (Swamp:2)
1694 creatures vanquished.

Vanquished Creatures (others)
  A hydra (Swamp:3)
  An ironbound frostheart (IceCv)
  A wizard (Vaults:1)
  A deep elf zephyrmancer (Elf:1)
  A bloated husk (Swamp:3)
  A polar bear (IceCv)
  A hornet (Swamp:4)
  2 spriggans (Swamp:2)
  A swamp drake (Swamp:4)
  7 briar patches
  18 foxfires
  20 fungi
  2 lurking horrors (Lair:4)
  55 plants
  7 withered plants
119 creatures vanquished.

Grand Total: 1813 creatures vanquished

Notes
Turn   | Place    | Note
-------+----------+-------------------------------------------
     0 | D:1      | sokol815 the Gargoyle Gladiator began the quest for the
                  | Orb.
     0 | D:1      | Reached XP level 1. HP: 12/12 MP: 1/1
   212 | D:1      | Reached XP level 2. HP: 12/17 MP: 2/2
   702 | D:1      | Reached skill level 4 in Staves
   868 | D:2      | Reached XP level 3. HP: 21/21 MP: 3/3
  1219 | D:2      | Learned a level 1 spell: Pain
  1329 | D:2      | Reached XP level 4. HP: 26/26 MP: 4/4
  1449 | D:2      | Reached skill level 1 in Necromancy
  1520 | D:2      | Found a sacrificial altar of Ru.
  2005 | D:3      | Identified 2 scrolls of acquirement
  2005 | D:3      | Acquired a +5 spectral quarterstaff
  2008 | D:3      | Acquired a manual of Fighting
  2439 | D:4      | Reached XP level 5. HP: 28/32 MP: 5/5
  2498 | D:4      | Reached skill level 3 in Fighting
  2545 | D:4      | Noticed a phantom
  2556 | D:4      | Reached skill level 5 in Staves
  2561 | D:4      | Reached skill level 4 in Fighting
  2564 | D:4      | Killed a phantom
  2565 | D:4      | Reached skill level 5 in Fighting
  2565 | D:4      | Reached XP level 6. HP: 14/40 MP: 6/6
  2595 | D:4      | Found a faded altar of an unknown god.
  2595 | D:4      | Found an ancient bone altar of Kikubaaqudgha.
  2600 | D:4      | Found a broken altar of Ashenzari.
  2602 | D:4      | Found a basalt altar of Yredelemnul.
  2603 | D:4      | Found a hide-covered altar of Uskayaw.
  2703 | D:4      | Reached skill level 6 in Fighting
  2737 | D:4      | Found a glowing drain.
  2746 | Sewer    | Entered a sewer
  2843 | Sewer    | Reached skill level 7 in Fighting
  2846 | Sewer    | Reached XP level 7. HP: 48/48 MP: 7/7
  2908 | Sewer    | Reached skill level 8 in Fighting
  2908 | Sewer    | Reached skill level 6 in Staves
  3032 | Sewer    | Reached skill level 9 in Fighting
  3398 | D:4      | Found a staircase to the Ecumenical Temple.
  3409 | Temple   | Entered the Ecumenical Temple
  3457 | Temple   | Became a worshipper of Warmaster Okawaru
  3640 | D:5      | Entered Level 5 of the Dungeon
  3677 | D:5      | Found a burning altar of Makhleb.
  3842 | D:5      | Reached skill level 1 in Invocations
  3842 | D:5      | Reached XP level 8. HP: 56/56 MP: 8/8
  4018 | D:5      | Found a bloodstained altar of Trog.
  4320 | D:6      | Found Esusopt's Armour Shoppe.
  4351 | D:6      | Reached skill level 10 in Fighting
  4400 | D:6      | Found a radiant altar of Vehumet.
  4533 | D:6      | Reached skill level 2 in Invocations
  4708 | D:6      | Reached skill level 11 in Fighting
  4731 | D:6      | Reached skill level 7 in Staves
  4731 | D:6      | Found a hazy altar of Hepliaklqana.
  4814 | D:6      | Reached skill level 3 in Invocations
  5174 | D:7      | Reached * piety under Okawaru
  5287 | D:7      | Found an opulent altar of Gozag.
  5321 | D:7      | Reached skill level 12 in Fighting
  5321 | D:7      | Reached XP level 9. HP: 65/65 MP: 11/11
  5321 | D:7      | Found a flagged portal.
  5334 | D:7      | Reached skill level 4 in Invocations
  5356 | Bailey   | Entered a bailey
  5421 | Bailey   | Reached skill level 13 in Fighting
  5423 | Bailey   | Reached ** piety under Okawaru
  5524 | Bailey   | Reached skill level 8 in Staves
  5524 | Bailey   | Reached skill level 5 in Invocations
  5554 | Bailey   | Found a bloodstained altar of Trog.
  5610 | Bailey   | Identified the +3 shortbow of Distant Shores {freeze,
                  | +Blink Str+2}
  5659 | D:7      | Noticed Pikel
  5681 | D:7      | Killed Pikel
  5681 | D:7      | Reached *** piety under Okawaru
  5682 | D:7      | Reached skill level 6 in Invocations
  5763 | D:7      | Found Fyimnoll's General Store.
  5771 | D:7      | Bought a scroll of identify for 22 gold pieces
  5797 | D:7      | Noticed Maggie
  5798 | D:7      | Received a gift from Okawaru
  5805 | D:7      | Killed Maggie
  5806 | D:7      | Reached skill level 9 in Staves
  5806 | D:7      | Reached XP level 10. HP: 61/74 MP: 13/15
  5908 | D:7      | Noticed Edmund
  5915 | D:7      | Killed Edmund
  5916 | D:7      | Reached skill level 7 in Invocations
  5942 | D:7      | Noticed Sigmund
  5948 | D:7      | Killed Sigmund
  5986 | D:7      | Found Yciorub's Magic Scroll Shop.
  5994 | D:7      | Bought a scroll of identify for 30 gold pieces
  6042 | D:7      | Found Omown's Magic Scroll Boutique.
  6050 | D:7      | Bought a scroll of magic mapping for 42 gold pieces
  6075 | D:7      | Found Qugen's Jewellery Emporium.
  6482 | D:8      | Identified the +1 plate armour "Cudwaxuo" {rCorr MP+9
                  | Str+10 Int-4}
  6532 | D:8      | Reached **** piety under Okawaru
  6558 | D:8      | Reached skill level 1 in Armour
  6569 | D:8      | Received a gift from Okawaru
  6570 | D:8      | Reached skill level 2 in Armour
  6702 | D:8      | Identified the +1 robe "Afayvieth" {rF++ Str-2 Stlth+
                  | Archmagi}
  6787 | D:8      | Reached skill level 3 in Armour
  6787 | D:8      | Reached skill level 8 in Invocations
  6804 | D:8      | Reached skill level 10 in Staves
  6806 | D:8      | Reached skill level 4 in Armour
  6919 | D:8      | Found a glowing golden altar of the Shining One.
  6999 | D:8      | Noticed Erica
  7068 | D:7      | Bought a ring of see invisible for 180 gold pieces
  7220 | D:8      | Killed Erica
  7221 | D:8      | Reached skill level 5 in Armour
  7306 | D:7      | Bought a scroll of identify for 24 gold pieces
  7306 | D:7      | Bought a scroll of identify for 24 gold pieces
  7306 | D:7      | Bought a scroll of identify for 24 gold pieces
  7441 | D:9      | Noticed a two-headed ogre
  7451 | D:9      | Killed a two-headed ogre
  7451 | D:9      | Reached ***** piety under Okawaru
  7452 | D:9      | Reached skill level 6 in Armour
  7452 | D:9      | Reached XP level 11. HP: 65/79 MP: 17/17
  7540 | D:9      | Reached skill level 9 in Invocations
  7671 | D:9      | Found a sparkling altar of Nemelex Xobeh.
  7696 | D:9      | Reached skill level 11 in Staves
  7823 | D:9      | Found a staircase to the Orcish Mines.
  7889 | D:9      | Found a stormy altar of Qazlal.
  7947 | D:9      | Reached skill level 10 in Invocations
  8096 | D:9      | Noticed a two-headed ogre
  8098 | D:9      | Noticed Juicyj's ghost (novice MiFi)
  8099 | D:9      | Noticed a moth of wrath
  8100 | D:9      | Found a bloodstained altar of Trog.
  8210 | D:9      | Noticed a deep troll
  8215 | D:9      | Found a transporter.
  8223 | D:9      | Found a transporter.
  8269 | D:10     | Entered Level 10 of the Dungeon
  8472 | D:10     | Noticed a two-headed ogre
  8478 | D:10     | Killed a two-headed ogre
  8541 | D:10     | Noticed a centaur warrior
  8552 | D:10     | Killed a centaur warrior
  8553 | D:10     | Reached skill level 12 in Staves
  8638 | D:10     | Found a staircase to the Lair.
  8947 | Lair:1   | Entered Level 1 of the Lair of Beasts
  8948 | Lair:1   | Noticed a six-headed hydra
  8955 | Lair:1   | Received a gift from Okawaru
  8962 | Lair:1   | Killed a six-headed hydra
  9077 | Lair:1   | Reached skill level 13 in Staves
  9080 | Lair:1   | Reached XP level 12. HP: 82/84 MP: 19/19
  9564 | Lair:1   | Found a runed translucent door.
  9781 | Lair:1   | Noticed Gibbon's ghost (journeyman GrEE)
  9821 | Lair:1   | Reached skill level 14 in Staves
  9837 | Lair:1   | Reached ****** piety under Okawaru
  9926 | Lair:1   | Reached skill level 14 in Fighting
 10212 | Lair:2   | You fall into a shaft and drop 1 floor!
 10224 | Lair:3   | Reached skill level 7 in Armour
 10240 | Lair:2   | Found a staircase to the Snake Pit.
 10371 | Lair:2   | Reached skill level 11 in Invocations
 10570 | Lair:2   | Noticed a death yak
 10579 | Lair:2   | Killed a death yak
 10579 | Lair:2   | Received a gift from Okawaru
 10580 | Lair:2   | Reached skill level 8 in Armour
 10707 | Lair:2   | Reached XP level 13. HP: 91/91 MP: 21/21
 10786 | Lair:2   | Reached skill level 15 in Fighting
 10889 | Lair:2   | Reached skill level 9 in Armour
 10936 | Lair:2   | Received a gift from Okawaru
 10937 | Lair:2   | Reached skill level 12 in Invocations
 11306 | Lair:3   | Found a staircase to the Swamp.
 11309 | Lair:3   | Received a gift from Okawaru
 11328 | Lair:3   | Acquired 1004 gold pieces
 11586 | Lair:3   | Reached skill level 3 in Dodging
 12488 | Lair:4   | Found a corrupted altar of Lugonu.
 12492 | Lair:4   | Found a one-way gate to the infinite horrors of the Abyss.
 12667 | Lair:4   | Reached skill level 10 in Armour
 13319 | Lair:5   | Reached skill level 4 in Dodging
 13476 | Lair:5   | Gained mutation: Your large and strong wings let you fly.
                  | [Gargoyle growth]
 13476 | Lair:5   | Reached XP level 14. HP: 80/99 MP: 23/23
 13576 | Lair:5   | Reached skill level 13 in Invocations
 14307 | Lair:6   | Entered Level 6 of the Lair of Beasts
 14321 | Lair:6   | Reached skill level 16 in Fighting
 14330 | Lair:6   | Identified the +1 quarterstaff of the Median {vorpal,
                  | +Blink Will+} (Okawaru gifted it to you on level 6 of the
                  | Lair of Beasts)
 14330 | Lair:6   | Received a gift from Okawaru
 14377 | Lair:6   | Found a staircase to the Slime Pits.
 14608 | Lair:6   | Reached skill level 1 in Evocations
 14639 | Lair:6   | Reached skill level 2 in Evocations
 14646 | Lair:6   | Reached skill level 11 in Armour
 14648 | Lair:6   | Reached skill level 5 in Dodging
 14965 | Lair:6   | Reached skill level 3 in Evocations
 15047 | Lair:6   | Received a gift from Okawaru
 15131 | Lair:6   | Reached skill level 4 in Evocations
 15145 | Lair:6   | Received a gift from Okawaru
 15473 | D:7      | Bought a scroll of blinking for 90 gold pieces
 15473 | D:7      | Bought a scroll of acquirement for 624 gold pieces
 15473 | D:7      | Acquired the +0 pair of boots of the Worm {rN++ Str-4
                  | Dex+5}
 16243 | D:12     | Noticed Gastronok
 16256 | D:12     | Killed Gastronok
 16257 | D:12     | Reached skill level 5 in Evocations
 16286 | D:12     | Reached XP level 15. HP: 105/105 MP: 25/25
 16308 | D:12     | Noticed Erolcha
 16328 | D:12     | Killed Erolcha
 16381 | D:12     | Noticed Kirke
 16403 | D:12     | Killed Kirke
 16471 | D:12     | Noticed Lodul
 16483 | D:12     | Reached skill level 14 in Invocations
 16492 | D:12     | Reached skill level 6 in Dodging
 16496 | D:12     | Killed Lodul
 16830 | D:12     | Found Tuvopo's Mass Market.
 16840 | D:12     | Reached skill level 6 in Evocations
 17195 | D:13     | Reached skill level 12 in Armour
 17631 | D:14     | Identified the +2 pair of gloves of Free Will {Int+7
                  | Slay-5} (Okawaru gifted it to you on level 14 of the
                  | Dungeon)
 17631 | D:14     | Received a gift from Okawaru
 17769 | D:14     | Reached skill level 17 in Fighting
 17802 | D:14     | Reached skill level 7 in Evocations
 18066 | D:14     | Found Qoxanwavoy's Antique Armour Boutique.
 18069 | D:14     | Bought a warped scale mail for 270 gold pieces
 18069 | D:14     | Identified the +7 scale mail of Decompression {*Corrode
                  | +Inv rPois} (You bought it in a shop on level 14 of the
                  | Dungeon)
 18330 | D:14     | Found a gate to the Vaults.
 18567 | D:14     | Reached skill level 7 in Dodging
 18571 | D:14     | Reached skill level 8 in Evocations
 18581 | D:14     | Received a gift from Okawaru
 18616 | D:14     | Reached XP level 16. HP: 88/112 MP: 27/27
 18936 | D:14     | Found a runed translucent door.
 18976 | D:14     | Received a gift from Okawaru
 18977 | D:14     | Reached skill level 15 in Invocations
 18999 | D:14     | Reached skill level 9 in Evocations
 19306 | Orc:1    | Entered Level 1 of the Orcish Mines
 19470 | Orc:1    | Paralysed by a floating eye for 2 turns
 19478 | Orc:1    | Paralysed by a floating eye for 2 turns
 19598 | Orc:2    | Entered Level 2 of the Orcish Mines
 19689 | Orc:2    | HP: 26/114 [orc warlord/+0 war axe (10)]
 20202 | Orc:2    | Noticed Nessos
 20223 | Orc:2    | Killed Nessos
 20234 | Orc:2    | Found a staircase to the Elven Halls.
 20764 | Orc:2    | HP: 24/114 [orc warrior/+0 halberd (7)]
 21030 | Orc:2    | Found a runed translucent gate.
 21032 | Orc:2    | Found a runed translucent gate.
 21033 | Orc:2    | Found a runed translucent gate.
 21047 | Orc:2    | Noticed Adrian566's ghost (journeyman TrFi)
 21153 | Orc:2    | Reached skill level 8 in Dodging
 21153 | Orc:2    | Reached skill level 10 in Evocations
 21287 | Orc:2    | Found Juepn's General Store.
 21287 | Orc:2    | Found Omuth's Assorted Antiques.
 21288 | Orc:2    | Found Fathet's General Store.
 21288 | Orc:2    | Found Ovvoan's General Store.
 21296 | Orc:2    | Bought a scroll of magic mapping for 59 gold pieces
 21569 | D:15     | Entered Level 15 of the Dungeon
 21617 | D:15     | Reached skill level 18 in Fighting
 21640 | D:15     | Found a frozen archway.
 21688 | IceCv    | Entered an ice cave
 21738 | IceCv    | HP: 28/114 [ironbound frostheart (9)]
 21743 | IceCv    | HP: 22/114 [ironbound frostheart/creeping frost (19)]
 21750 | IceCv    | HP: 12/114 [ice dragon/blast of cold (9)]
 21762 | IceCv    | Reached skill level 16 in Invocations
 21817 | IceCv    | Received a gift from Okawaru
 21818 | IceCv    | Reached XP level 17. HP: 34/120 MP: 29/29
 22023 | IceCv    | Reached skill level 19 in Fighting
 22032 | IceCv    | HP: 26/122 [ironbound frostheart/creeping frost (31)]
 22041 | IceCv    | HP: 25/122 [frost giant/+2 battleaxe of freezing (18)]
 22241 | IceCv    | Received a gift from Okawaru
 22251 | IceCv    | HP: 28/122 [ironbound frostheart (5)]
 22252 | Arena    | Entered the Arena
 22279 | IceCv    | HP: 28/122 [white draconian/+2 scimitar of freezing (9)]
 22635 | D:15     | Found a runed translucent door.
 22644 | D:15     | Noticed Loulutte's ghost (journeyman DDWr)
 22713 | D:15     | Found a staircase to the Depths.
 22957 | D:15     | Found a broken altar of Ashenzari.
 23049 | D:15     | Found an ornate altar of the Wu Jian Council.
 23496 | Swamp:1  | Entered Level 1 of the Swamp
 23520 | Swamp:1  | Reached skill level 20 in Fighting
 23713 | Swamp:1  | Found a glowing golden altar of the Shining One.
 24186 | Swamp:2  | Reached skill level 13 in Armour
 24492 | Swamp:2  | Received a gift from Okawaru
 24550 | Swamp:2  | HP: 23/124 [will-o-the-wisp/foxfire (12)]
 24732 | Swamp:2  | Reached skill level 14 in Armour
 25156 | Swamp:3  | Learned a level 9 spell: Polar Vortex
 25192 | Swamp:3  | Reached skill level 1 in Ice Magic
 25229 | Swamp:3  | Reached skill level 1 in Spellcasting
 25330 | Swamp:3  | Found a runed translucent gate.
 25331 | Swamp:3  | Found a runed translucent gate.
 25331 | Swamp:3  | Found a runed translucent gate.
 25335 | Swamp:3  | Noticed jisko22's ghost (journeyman HOFE)
 25335 | Swamp:3  | Noticed Antichthon's ghost (journeyman SpEn)
 25335 | Swamp:3  | Noticed SirDiesAlot's ghost (adept OgGl)
 25552 | Swamp:4  | Entered Level 4 of the Swamp
 25565 | Swamp:4  | Reached skill level 2 in Ice Magic
 25565 | Swamp:4  | Reached XP level 18. HP: 115/129 MP: 30/30
 25573 | Swamp:3  | Identified the +2 buckler of the Swamp {rN+ Int+7} (Okawaru
                  | gifted it to you on level 3 of the Swamp)
 25573 | Swamp:3  | Received a gift from Okawaru
 25574 | Swamp:3  | Reached skill level 2 in Spellcasting
 25649 | Swamp:4  | Reached skill level 3 in Ice Magic
 25758 | Swamp:4  | Reached skill level 3 in Spellcasting
 25775 | Swamp:4  | Noticed Sunketi's ghost (adept DECj)
 25775 | Swamp:4  | Noticed a tentacled monstrosity
 25777 | Swamp:4  | Found a transporter.
 25795 | Swamp:4  | Reached skill level 15 in Armour
 25988 | Swamp:4  | Reached skill level 4 in Ice Magic
 25993 | Swamp:4  | Found a transporter.
 26041 | Swamp:4  | Reached skill level 4 in Spellcasting
 26084 | Swamp:4  | Reached skill level 5 in Ice Magic
 26712 | Swamp:4  | Reached skill level 5 in Spellcasting
 26768 | Swamp:4  | Reached skill level 6 in Ice Magic
 26780 | Swamp:4  | Noticed the 27-headed Lernaean hydra
 26917 | Swamp:4  | Killed the 27-headed Lernaean hydra
 26918 | Swamp:4  | Reached skill level 7 in Ice Magic
 27001 | Swamp:4  | Received a gift from Okawaru
 27006 | Swamp:4  | Got a decaying rune of Zot
 27210 | Snake:1  | Entered Level 1 of the Snake Pit
 27253 | Snake:1  | Reached skill level 8 in Ice Magic
 27724 | Snake:1  | Reached skill level 9 in Ice Magic
 28476 | Snake:2  | Identified the +1 ring mail of Insecurity {Drain rElec
                  | Str-4 SInv}
 28573 | Snake:2  | Reached skill level 1 in Stealth
 28586 | Snake:2  | Reached skill level 10 in Ice Magic
 28587 | Snake:2  | Reached skill level 2 in Stealth
 28642 | Snake:2  | Reached skill level 3 in Stealth
 28811 | Snake:2  | Reached skill level 4 in Stealth
 28811 | Snake:2  | Reached XP level 19. HP: 116/135 MP: 31/31
 28857 | Snake:2  | Found a runed translucent door.
 28857 | Snake:2  | Noticed Laraso's ghost (adept MiBe)
 28930 | Snake:2  | Reached skill level 5 in Stealth
 29675 | Snake:3  | Received a gift from Okawaru
 29722 | Snake:3  | Noticed Jorgrun
 29762 | Snake:3  | Reached skill level 6 in Stealth
 29911 | Snake:3  | Reached skill level 7 in Stealth
 30036 | Snake:3  | Reached skill level 8 in Stealth
 30060 | Snake:3  | Reached skill level 11 in Ice Magic
 30398 | Snake:3  | Killed Jorgrun
 30667 | Snake:4  | Entered Level 4 of the Snake Pit
 30696 | Snake:4  | Received a gift from Okawaru
 30697 | Snake:4  | Reached skill level 9 in Stealth
 30742 | Snake:4  | HP: 15/135 [naga warrior/+0 halberd (26)]
 30890 | Snake:4  | HP: 30/135 [anaconda (5)]
 31399 | Snake:4  | Reached skill level 10 in Stealth
 31723 | Snake:4  | Reached skill level 12 in Ice Magic
 31779 | Snake:4  | Received a gift from Okawaru
 31928 | Snake:4  | Reached skill level 13 in Ice Magic
 31934 | Snake:4  | Got a serpentine rune of Zot
 32374 | D:15     | Killed Loulutte's ghost
 32379 | D:15     | Identified the +9 hand crossbow "Ohale" {speed, rElec}
 32560 | D:9      | Killed Juicyj's ghost
 32568 | D:9      | Reached skill level 1 in Crossbows
 32680 | Lair:1   | Killed Gibbon's ghost
 33025 | Vaults:1 | Entered Level 1 of the Vaults
 33037 | D:14     | Identified the +6 quarterstaff "Xuxtu" {pain, rPois}
                  | (Okawaru gifted it to you on level 14 of the Dungeon)
 33037 | D:14     | Received a gift from Okawaru
 33038 | D:14     | Reached skill level 2 in Crossbows
 33143 | Vaults:1 | Reached XP level 20. HP: 140/140 MP: 32/32
 33233 | Vaults:1 | Reached skill level 3 in Crossbows
 33314 | Vaults:1 | Found Tujaof's Book Shoppe.
 33411 | Vaults:1 | Reached skill level 4 in Crossbows
 33483 | Vaults:1 | Reached skill level 14 in Ice Magic
 33606 | Vaults:1 | Received a gift from Okawaru
 33607 | Vaults:1 | Reached skill level 5 in Crossbows
 33897 | Vaults:1 | Found Joott's Magic Scroll Shop.
 33902 | Vaults:1 | Found Gifrul's Assorted Antiques.
 33939 | Vaults:1 | Bought a runed hat for 168 gold pieces
 33949 | Vaults:1 | Bought a scroll of blinking for 157 gold pieces
 33949 | Vaults:1 | Bought 2 scrolls of magic mapping for 147 gold pieces
 33949 | Vaults:1 | Bought a scroll of acquirement for 1092 gold pieces
 33949 | Vaults:1 | Acquired 707 gold pieces
 34014 | Vaults:1 | Found Vonurr's Antique Weapon Emporium.
 34087 | Vaults:1 | Reached skill level 6 in Crossbows
 34552 | Vaults:2 | Found a magical portal.
 34565 | WizLab   | Entered Wucad Mu's Monastery
 34989 | WizLab   | Found the +9 staff of Wucad Mu {*channel}
 35119 | WizLab   | Reached skill level 15 in Ice Magic
 35119 | WizLab   | Reached XP level 21. HP: 146/146 MP: 33/33
 35266 | Vaults:2 | Found Debihamo's Antique Weapon Emporium.
 35330 | Vaults:2 | Reached skill level 6 in Spellcasting
 35552 | Vaults:2 | Reached skill level 7 in Spellcasting
 35605 | Vaults:2 | Received a gift from Okawaru
 35607 | Vaults:2 | Reached skill level 8 in Spellcasting
 35802 | Vaults:2 | Reached skill level 9 in Spellcasting
 35807 | Vaults:2 | Received a gift from Okawaru
 35953 | Vaults:2 | Found Dudownoc's Weapon Boutique.
 36186 | Vaults:2 | Reached skill level 10 in Spellcasting
 36186 | Vaults:2 | Reached skill level 16 in Ice Magic
 36357 | Vaults:2 | Found Qihuqai's Book Shoppe.
 36982 | Vaults:3 | Reached XP level 22. HP: 152/152 MP: 36/36
 37121 | Vaults:3 | Reached skill level 11 in Spellcasting
 37278 | Vaults:3 | HP: 37/152 [ironbound preserver/+2 great mace of holy wrath
                  | (26)]
 37284 | Vaults:3 | HP: 26/152 [deep troll[an ironbound preserver] (7)]
 37286 | Vaults:3 | HP: 12/152 [ironbound frostheart (6)]
 37286 | Vaults:3 | HP: 5/152 [deep troll[an ironbound preserver] (7)]
 37380 | Vaults:3 | Noticed Donald
 37420 | Vaults:3 | Noticed Boris
 37433 | Vaults:2 | Killed Boris
 37434 | Vaults:2 | Reached skill level 12 in Spellcasting
 37468 | Vaults:2 | Killed Donald
 37676 | Vaults:3 | Paralysed by a great orb of eyes for 4 turns
 37749 | Vaults:3 | Found Qiwkyl's Magic Scroll Emporium.
 37794 | Vaults:3 | Bought a scroll of enchant weapon for 135 gold pieces
 37817 | Vaults:3 | Identified the +1 battleaxe "Hydraslayer" {protect, rPois
                  | Int+3 Stlth+}
 37826 | Vaults:3 | Reached skill level 13 in Spellcasting
 38089 | Vaults:3 | HP: 29/152 [vault guard/+1 dire flail of protection[a vault
                  | warden] (30)]
 38093 | Vaults:3 | HP: 8/152 [vault guard/+1 dire flail of protection[a vault
                  | warden] (24)]
 38095 | Vaults:3 | HP: 3/152 [vault guard/+1 dire flail of protection[a vault
                  | warden] (29)]
 38354 | Vaults:3 | Found a staircase to the Crypt.
 38373 | Vaults:3 | Reached skill level 14 in Spellcasting
 38613 | Vaults:3 | Reached skill level 17 in Ice Magic
 38927 | Vaults:4 | Noticed Frederick
 38939 | Vaults:4 | Killed Frederick
 39003 | Vaults:4 | Noticed Boris
 39354 | Vaults:4 | Reached skill level 18 in Ice Magic
 39508 | Vaults:4 | Received a gift from Okawaru
 39785 | Vaults:4 | Received a gift from Okawaru
 39891 | Vaults:4 | Killed Boris
 40313 | Vaults:4 | Noticed Mennas
 40379 | Vaults:3 | Killed Mennas
 40380 | Vaults:3 | Reached skill level 19 in Ice Magic
 40380 | Vaults:3 | Reached XP level 23. HP: 75/156 MP: 37/41
 41146 | Elf:1    | Entered Level 1 of the Elven Halls
 41177 | Orc:2    | Learned a level 5 spell: Freezing Cloud
 41197 | Orc:2    | Reached skill level 1 in Conjurations
 41305 | Orc:2    | Reached skill level 2 in Conjurations
 41476 | Elf:1    | Reached skill level 3 in Conjurations
 41493 | Elf:1    | HP: 27/156 [deep elf knight/shard of ice (26)]
 41496 | Elf:1    | HP: 9/156 [deep elf knight/arrow (9)]
 41799 | Elf:1    | Reached skill level 4 in Conjurations
 42129 | Elf:1    | Reached skill level 5 in Conjurations
 42761 | Swamp:3  | Killed jisko22's ghost
 42787 | Swamp:3  | Killed SirDiesAlot's ghost
 42802 | Swamp:3  | Killed Antichthon's ghost
 42803 | Swamp:3  | Reached skill level 6 in Conjurations
 42809 | Swamp:3  | Identified the +0 pair of boots of the Moon Troll {rC+}
 43541 | Elf:2    | Found a transporter.
 43573 | Elf:2    | Found a transporter.
 43577 | Elf:2    | Noticed Sozuprin's ghost (adept OpAE)
 43649 | Elf:2    | Reached skill level 7 in Conjurations
 43659 | Elf:2    | Found Jyxiss's General Store.
 43662 | Elf:2    | Bought a scroll of enchant weapon for 120 gold pieces
 43838 | Elf:2    | Paralysed by an air elemental for 1 turns
 43913 | Elf:2    | Received a gift from Okawaru
 44162 | Elf:2    | Found a runed translucent gate.
 44163 | Elf:2    | Found a runed translucent gate.
 44163 | Elf:2    | Found a runed translucent gate.
 44482 | Depths:1 | Entered Level 1 of the Depths
 44506 | Depths:1 | Reached skill level 8 in Conjurations
 44551 | Depths:1 | Found a gateway to Hell.
 44889 | Depths:1 | Received a gift from Okawaru
 44927 | Depths:1 | Found a blossoming altar of Fedhas.
 45189 | Depths:1 | Found a shimmering altar of Xom.
 45380 | Depths:2 | Found a one-way gate leading to the halls of Pandemonium.
 45544 | Depths:2 | Found a one-way gateway to a ziggurat.
 45571 | Depths:2 | Reached skill level 9 in Conjurations
 46218 | Depths:2 | Noticed Boris
 46236 | Depths:2 | Killed Boris
 46237 | Depths:2 | Reached skill level 10 in Conjurations
 46237 | Depths:2 | Reached skill level 20 in Ice Magic
 46334 | Depths:2 | Found Ziasuew's Armour Emporium.
 46392 | Depths:2 | Received a gift from Okawaru
 46393 | Depths:2 | Reached skill level 7 in Crossbows
 46682 | Depths:2 | Reached skill level 8 in Crossbows
 46818 | Depths:2 | Received a gift from Okawaru
 46990 | Depths:3 | Noticed Parghit
 46995 | Depths:3 | Noticed a caustic shrike
 47016 | Depths:2 | HP: 22/156 [Parghit (23)]
 47252 | Depths:2 | HP: 39/156 [Parghit (5)]
 47396 | Depths:3 | Found Ydduebb's Assorted Antiques.
 47447 | Depths:3 | Reached XP level 24. HP: 90/163 MP: 19/41
 47480 | Depths:3 | HP: 40/163 [tentacled monstrosity (5)]
 47628 | Depths:2 | Killed Parghit
 47629 | Depths:2 | Reached skill level 9 in Crossbows
 47921 | Depths:2 | Killed a caustic shrike
 48205 | Depths:3 | Noticed a juggernaut
 48222 | Depths:3 | Killed a juggernaut
 48222 | Depths:3 | Received a gift from Okawaru
 48294 | Depths:3 | Identified the ring of Bemmeros {rF+ rN+ rCorr Dex-2}
 48548 | Depths:3 | Bought a scroll of magic mapping for 175 gold pieces
 48569 | Depths:3 | Noticed the Enchantress
 48582 | Depths:3 | Gained mutation: Your body sometimes deteriorates upon
                  | taking damage. [mutagenic glow]
 48583 | Depths:3 | Killed the Enchantress
 48584 | Depths:3 | Reached skill level 10 in Crossbows
 48588 | Depths:3 | HP: 31/163 [spriggan defender/+1 flail of protection[the
                  | Enchantress] (20)]
 48601 | Depths:2 | Gained mutation: Your spells are a little easier to cast,
                  | but a little less powerful. [mutagenic glow]
 48611 | Depths:2 | Gained mutation: You are weak. (Str -2) [mutagenic glow]
 48784 | Depths:3 | Found the +8 arc blade {discharge, rElec}
 48839 | Depths:3 | Identified the +9 arbalest "Poloam" {freeze, rC- Int+3}
 48882 | Depths:3 | Received a gift from Okawaru
 49083 | Depths:3 | Gained mutation: You passively map a small area around you.
                  | [a neqoxec]
 49208 | Depths:3 | Found a portal to a secret trove of treasure.
 49230 | Depths:3 | You paid a toll of 8 scrolls of fog to enter a treasure
                  | trove
 49231 | Trove    | Entered a treasure trove
 49247 | Trove    | Got the Papyrus of Transmigration and Flight
 49256 | Trove    | Got The Advanced Guide to Rites and Rhymes
 49280 | Trove    | Got the Grimoire of Heat
 49283 | Trove    | Got Sif Muna's Disquisition on Attacks
 49289 | Trove    | Got Sif Muna's Thaumaturgy, Part Five
 49565 | Depths:4 | Entered Level 4 of the Depths
 49565 | Depths:4 | Noticed Boris
 49567 | Depths:4 | Paralysed by a vampire knight for 7 turns
 49574 | Depths:4 | HP: 27/163 [Boris/iron shot (28)]
 49574 | Depths:4 | HP: 4/163 [phantasmal warrior (23)]
 49574 | Depths:4 | Slain by a phantasmal warrior

Illustrated notes

Levels and vault maps discovered:
D:1:      wander_arrival_peaceful_grave, layout_rooms
D:2:      layout_loops_ring, basic_altar
D:3:      layout_rooms, bh_walls_and_bars
D:4:      layout_basic, chequers_temple_overflow_minitemple,
          minmay_temple_entry_poolview, portal_sewer_entry_b, minmay_checkerbox
D:5:      layout_loops_ring, trog_antimagical, makhleb_grotto_becter
D:6:      layout_basic, nicolae_vehumet_altar_sigil,
          mainiacjoe_overflow_boulevard, serial_shops, shop_statue
D:7:      layout_gridville, grunt_gozag_statues, enter_bailey_5, serial_shops,
          nicolae_shop_hallway_plus, shop, nicolae_shop_statue_plus, shop,
          sigmund_edmund_badplayer, uniq_maggie, uniq_pikel
D:8:      layout_cave_pools, tso_metal_star, uniq_erica
D:9:      layout_cave_pools, nemelex_xobeh_ov_fountains_minmay,
          nicolae_qazlal_eye_of_the_storm, hiddenorc2_lemuel,
          gammafunk_ghost_wrathful_warriors
D:10:     layout_cave_pools, dpeg_oklobed_lair, serial_park,
          serial_park_avenue1, serial_park_square2, serial_park_tiny_pond,
          serial_park_tiny_2
D:11:     layout_irregular_city, chequers_serial_rivers_micro_e,
          lightli_minifort
D:12:     layout_loops_ring, minmay_shop_mass, kennysheep_generic_room_14,
          uniq_lodul, uniq_kirke, uniq_gastronok, uniq_erolcha
D:13:     layout_long_grid
D:14:     minmay_the_grid_triangle_9x9_recursive_3_mashed
          [minmay_the_grid_triangle_9x9_skeleton,
          minmay_the_grid_triangle_9x9_odd_lines,
          minmay_the_grid_triangle_9x9_stretched_checkered,
          minmay_the_grid_triangle_9x9_prize_schism,
          minmay_the_grid_triangle_9x9_subtriangle,
          minmay_the_grid_triangle_9x9_intruding_spiral,
          minmay_the_grid_triangle_9x9_checkered,
          minmay_the_grid_triangle_9x9_empty,
          minmay_the_grid_triangle_9x9_semitri], layout_long_grid,
          grunt_vaults_entry_tiered, nicolae_concentric_dashed_squares_mild,
          serial_shops, kennysheep_mini_moat, nrook_campfire,
          minmay_fractal_squares_gapless_5
D:15:     grunt_enter_depths_magical_seal, layout_basic,
          portal_ice_cave_entry_ice_statue_two, nicolae_wu_jian_wuxing_cycle,
          ebering_ghost_reflecting_pool, nicolae_ashenzari_panopticon
Temple:   jpeg_temple_alley_garden
Lair:1:   layout_gridlike, gammafunk_ghost_grave, evilmike_ambush
          [evilmike_ambush_outer_pillars, evilmike_ambush_inner_wall_1]
Lair:2:   nzn_winding_woodlands_stair_cross
          [nzn_winding_woodlands_5x15_sidewinder,
          nzn_winding_woodlands_center_lodge, nzn_winding_woodlands_5x15_cabin,
          nzn_winding_woodlands_5x5_closed_star,
          nzn_winding_woodlands_5x5_three, nzn_winding_woodlands_5x15_eye,
          nzn_winding_woodlands_center_triple_pond,
          nzn_winding_woodlands_5x15_split_checker], layout_hall_layers,
          guppyfry_snake_entry_garden, chequers_serial_rivers_large_a
Lair:3:   layout_chaotic_city, swamp_mist, serial_forest,
          infiniplex_forest_corner_1, infiniplex_forest_lined_4_way,
          infiniplex_forest_corner_1, infiniplex_forest_corner_1,
          infiniplex_forest_lined_3, infiniplex_forest_end_double,
          infiniplex_forest_lined_corner, infiniplex_forest_diagonal,
          infiniplex_forest_corner_2, cheibrodos_lair_reptile_den,
          infiniplex_staircase_pool
Lair:4:   layout_loops_ring, amcnicky_altar_lugonu_corruption
Lair:5:   layout_layer_cave, beast_lair_carwin_7
Lair:6:   evilmike_catoblepas_cave, layout_hall_layers,
          nicolae_slime_entry_slimehenge, minmay_lair_drake_nest
Swamp:1:  layout_basic_swamp, lemuel_altar_in_water, swamp_pool1,
          nicolae_swamp_hydra_murder_den, infiniplex_staircase_pool_2
Swamp:2:  layout_basic_swamp, evilmike_swamp_ruin_house_3
Swamp:3:  layout_falls_marsh, gammafunk_ghost_cemetery,
          evilmike_swamp_ruin_rubble_2
Swamp:4:  swamp_vile, layout_basic_swamp, gammafunk_ghost_arena, swamp_pool5
Snake:1:  layout_layer_cave, drop_trap, grunt_megastairs_4
Snake:2:  layout_rooms, gammafunk_ghost_grave, hangedman_snake_corridor_split
Snake:3:  layout_onion_interference, minmay_snake_pond, uniq_jorgrun
Snake:4:  johnstein_snake_rune_scales, layout_onion
Orc:1:    hellmonk_paralyzer, layout_caves, nicolae_orc_lost_temple
Orc:2:    st_orc_pillars, layout_caves, maelrawn_ghost_gauntlet_escape,
          uniq_nessos
Elf:1:    elf_arrival_002, layout_geoelf_grid, special_room [special_room_orc],
          minmay_elf_demonology
Elf:2:    nicolae_elf_blades_crystal_corner, layout_gridlike,
          gammafunk_ghost_berserking_beasts, serial_shops, shop
Vaults:1: nicolae_vaults_little_squares_4, ontoclasm_vaults_loading_screen,
          ontoclasm_vaults_misaligned, ontoclasm_vaults_ring_small,
          nicolae_vaults_three_branches, v_misc_14, vaults_room_large_hall,
          v_misc_17, ontoclasm_vaults_chip, vaults_room_semicircle,
          nicolae_vaults_alarming, v_misc_2, hangedman_vaults_restitches,
          layout_vaults_ring, serial_shops, shop, nicolae_shop_hallway_plus,
          shop, nicolae_shop_crystal
Vaults:2: infiniplex_enter_wizlab_glasses, vaults_dpeg_doors,
          ontoclasm_vaults_eye, st_lines, hangedman_vaults_stream,
          hangedman_vaults_corner_blocks, vaults_mumra_chevron_long,
          vaults_room_grid, vaults_room_stairs_pillars,
          nicolae_vaults_border_crossing, layout_vaults_omnigrid, serial_shops,
          nicolae_shop_advertising_works [nicolae_subvault_shop_adworks],
          nicolae_shop_bloodbath_and_beyond, shop
Vaults:3: blue_anna_dwarven_crypt, st_more_cells, nicolae_vaults_circle_grid_b,
          v_alt_pattern_6, hangedman_vaults_stagger, v_misc_22,
          grunt_vaults_trifunnel, hangedman_vaults_cutoff, v_misc_25,
          ontoclasm_vaults_ligature, v_alt_pattern_2, ontoclasm_vaults_gateway,
          nicolae_vaults_yaktaur_gun_rack, layout_vaults_maze_bifur,
          serial_shops, nicolae_diamond_shop, uniq_donald, uniq_boris
Vaults:4: ontoclasm_vaults_spin, ontoclasm_vaults_twist,
          ontoclasm_vaults_shuriken, ontoclasm_vaults_chip,
          vaults_mumra_hexcomb, vaults_room_semicircle,
          ontoclasm_vaults_loading_screen, vaults_dpeg_ring, v_misc_2,
          v_misc_18, layout_vaults_big_room, uniq_frederick, uniq_mennas
Depths:1: layout_cave_shapes, fedhas_altar_fruit_tree, hell_entry,
          chequers_big_river, hangedman_abyss_or_decor_jellyfish_corner,
          kennysheep_flooded_box, kennysheep_generic_room_15
Depths:2: kennysheep_ambush_hall, layout_gridlike, enter_ziggurat_a,
          serial_shops, shop, hangedman_coc_ice_floe, pan_entry
Depths:3: minmay_strange_plus, layout_cave_pools, trove_entry_hex_spiral,
          hell_entry, minmay_room_of_horrors, grunt_pan_entry_zigzag,
          nicolae_stop_n_shop_1, infiniplex_staircase_spiral, uniq_enchantress,
          uniq_parghit
Depths:4: evilmike_zot_entry_diamond, layout_cave_pools, corexii_hall_statues_i,
          serial_shops, shop, hell_entry, eat_drink_and_be_merry_uskayaw

Skill      XL: |  1  2  3  4  5  6  7  8  9 10 11 12 13 14 15 16 17 18 19 20 21 22 23 24 |
---------------+-------------------------------------------------------------------------+-----
Staves         | 4 5 6 7 9 10 13 14 | 14.0
Necromancy     | 1 |  1.4
Fighting       | 5 7 9 12 13 14 15 16 17 18 20 | 20.0
Invocations    | 1 3 6 8 10 11 12 13 14 16 | 16.0
Armour         | 6 8 10 11 12 14 15 | 15.6
Dodging        | 4 5 7 8 |  8.0
Evocations     | 5 8 10 | 10.0
Ice Magic      | 2 10 13 15 16 19 20 | 20.7
Spellcasting   | 1 5 10 14 | 14.1
Stealth        | 4 10 | 10.0
Crossbows      | 2 6 8 10 | 10.0
Conjurations   | 10 | 10.0
Throwing       | |  1.7

Action                   |  1- 3 |  4- 6 |  7- 9 | 10-12 | 13-15 | 16-18 | 19-21 | 22-24 || total
-------------------------+-------+-------+-------+-------+-------+-------+-------+-------++-------
Melee: Quarterstaff      |   103 |   122 |   146 |   387 |   904 |  1362 |  1294 |  1143 ||  5461
       Lajatang          |       |       |       |       |       |       |   117 |   154 ||   271
 Fire: Hand crossbow     |       |       |       |       |       |       |    12 |   615 ||   627
Throw: Javelin           |     1 |       |       |       |     7 |     1 |       |       ||     9
       Boomerang         |       |       |    35 |    34 |     3 |    37 |     5 |       ||   114
       Dart              |       |       |       |    18 |       |       |       |       ||    18
 Cast: Pain              |       |       |       |       |       |       |     7 |       ||     7
       Freezing Cloud    |       |       |       |       |       |       |       |   132 ||   132
       Polar Vortex      |       |       |       |       |       |       |       |     1 ||     1
Invok: Heroism           |       |       |       |     9 |    20 |    38 |    34 |    31 ||   132
       Finesse           |       |       |       |     1 |     5 |     9 |     5 |     4 ||    24
       Duel              |       |       |       |       |       |     1 |       |       ||     1
Evoke: Wand              |       |       |       |       |     2 |    12 |     3 |     2 ||    19
       Lightning rod     |       |       |       |       |       |     4 |     8 |       ||    12
       Tin of tremorston |       |       |       |       |       |       |       |     3 ||     3
  Use: Scroll            |       |    13 |    10 |     9 |     5 |     8 |    14 |    10 ||    69
       Potion            |       |       |       |     3 |       |    10 |     3 |     9 ||    25
 Stab: Distracted        |       |       |     1 |     2 |    17 |    35 |    43 |    49 ||   147
       Petrified         |       |       |       |       |     7 |       |       |       ||     7
       Invisible         |       |       |       |       |       |     3 |       |       ||     3
       Confused          |       |       |       |       |       |     3 |       |       ||     3
       Sleeping          |       |       |       |       |       |       |    11 |    13 ||    24
Armor: Ring mail         |    58 |    58 |    86 |    21 |       |       |       |    80 ||   303
       Leather armour    |     3 |       |       |       |       |       |       |       ||     3
       Troll leather arm |       |       |       |    51 |       |       |   524 |   460 ||  1035
       Plate armour      |       |       |       |   152 |   379 |   690 |    60 |    83 ||  1364
       Acid dragon scale |       |       |       |       |       |       |       |    22 ||    22
       Gold dragon scale |       |       |       |       |       |       |       |     5 ||     5
       Skin              |       |       |       |       |       |       |       |     1 ||     1
Dodge: Dodged            |    80 |    72 |    72 |   179 |   404 |   828 |  1020 |   787 ||  3442
Block: Buckler           |       |       |       |       |       |       |       |    89 ||    89
       Other             |       |       |       |       |       |       |       |    52 ||    52
       Reflection        |       |       |       |       |       |       |       |    11 ||    11

Table legend: (Time is in decaauts)
 A = Elapsed time spent in this place.
 B = Non-inter-level travel time spent in this place.
 C = Inter-level travel time spent in this place.
 D = Time resting spent in this place.
 E = Time spent auto-exploring this place.
 F = Levels seen in this place.
 G = Mean time per level.
                   A        B        C        D        E       F      G
               +--------+--------+--------+--------+--------+-----+--------+
         Total |  48013 |  42725 |   5288 |   4992 |  26385 |  48 | 1000.3 |
       Dungeon |  14295 |  11977 |   2318 |    560 |   8707 |  15 |  953.0 |
        Temple |    207 |    199 |      8 |      0 |    176 |   1 |  207.0 |
          Lair |   6470 |   5937 |    533 |     76 |   4920 |   6 | 1078.3 |
         Swamp |   3951 |   3230 |    721 |    423 |   1810 |   4 |  987.8 |
     Snake Pit |   4514 |   4097 |    417 |    219 |   2693 |   4 | 1128.5 |
  Orcish Mines |   2626 |   2248 |    378 |    368 |   1336 |   2 | 1313.0 |
   Elven Halls |   2232 |   2109 |    123 |    322 |   1062 |   2 | 1116.0 |
        Vaults |   6606 |   6043 |    563 |    981 |   2955 |   4 | 1651.5 |
        Depths |   4980 |   4755 |    225 |   1615 |   1891 |   4 | 1245.0 |
         Trove |     90 |     90 |      0 |      0 |     56 |   1 |   90.0 |
         Sewer |    365 |    365 |      0 |     65 |    174 |   1 |  365.0 |
        Bailey |    281 |    281 |      0 |      3 |    163 |   1 |  281.0 |
      Ice Cave |    792 |    792 |      0 |    246 |    243 |   1 |  792.0 |
        Wizlab |    578 |    578 |      0 |     94 |    194 |   1 |  578.0 |
         Arena |     18 |     18 |      0 |     17 |      0 |   1 |   18.0 |
               +--------+--------+--------+--------+--------+-----+--------+

Top non-repeatable levels by time:
Depths:2: 2487 daAuts
Vaults:3: 1913 daAuts
Vaults:2: 1789 daAuts
    D:14: 1777 daAuts
   Orc:2: 1765 daAuts
Vaults:1: 1526 daAuts
Depths:3: 1446 daAuts
Vaults:4: 1377 daAuts
  Lair:2: 1357 daAuts
 Snake:1: 1351 daAuts
     D:7: 1283 daAuts
   Elf:1: 1250 daAuts
 Snake:4: 1176 daAuts
 Swamp:4: 1164 daAuts
    D:15: 1162 daAuts

Table legend:
 A = Kills in this place as a percentage of kills in entire the game.
 B = Kills by you in this place as a percentage of kills by you in the entire game.
 C = Kills by friends in this place as a percentage of kills by friends in the entire game.
 D = Other kills in this place as a percentage of other kills in the entire game.
 E = Experience gained in this place as a percentage of experience gained in the entire game.
 F = Experience gained in this place divided by the number of levels of this place that you have seen.
                   A       B       C       D       E      F
               +-------+-------+-------+-------+-------+----------------------
         Total | 100.0 | 100.0 |   N/A | 100.0 | 100.0 | 16201.9
       Dungeon |  24.2 |  24.3 |   N/A |   0.0 |  13.1 | 6781.9
          Lair |  12.4 |  12.5 |   N/A |   0.0 |   8.4 | 10944.2
         Swamp |   8.7 |   8.6 |   N/A |  50.0 |  11.2 | 21831.8
     Snake Pit |  10.8 |  10.9 |   N/A |   0.0 |  12.9 | 25092.5
  Orcish Mines |   8.4 |   8.4 |   N/A |   0.0 |   3.1 | 12163.0
   Elven Halls |   4.7 |   4.7 |   N/A |  16.7 |   5.8 | 22535.5
        Vaults |  18.0 |  18.0 |   N/A |  16.7 |  27.6 | 53632.5
        Depths |   7.9 |   7.9 |   N/A |   0.0 |  14.3 | 27798.8
         Sewer |   1.7 |   1.7 |   N/A |   0.0 |   0.1 | 537.0
        Bailey |   0.8 |   0.8 |   N/A |   0.0 |   0.1 | 1013.0
      Ice Cave |   2.3 |   2.2 |   N/A |  16.7 |   3.1 | 24099.0
        Wizlab |   0.1 |   0.1 |   N/A |   0.0 |   0.1 | 980.0
         Arena |   0.1 |   0.1 |   N/A |   0.0 |   0.1 | 850.0
               +-------+-------+-------+-------+-------+----------------------
